ABL
COLLINGWOOD MAGPIES @ CRONULLA SHARKS
06/26/2022
 
TOP OF THE 1ST
Collingwood Magpies batting - Pitching for Cronulla Sharks : LHP Young-chul Kong
Pitching: LHP Young-chul Kong
Batting: RHB Sinbad Trounson 0-0: Swinging Strike
0-1: Ball
1-1: Ball
2-1: Foul Ball, location: 5FF
2-2: Foul Ball, location: 23F
2-2: Foul Ball, location: 2F
2-2: Fly out, F9 (Flyball, 9S, EV 84.4 MPH)
Batting: RHB Bradly Acheson 0-0: Foul Ball, location: 3F
0-1: Ball
1-1: SINGLE (Groundball, 4MD, EV 105.0 MPH)
Batting: SHB Colin Attoehow 0-0: Called Strike
0-1: Swinging Strike
0-2: Ball
1-2: DOUBLE (Line Drive, 78M, EV 99.4 MPH)
Bradly Acheson to third
Runner from 3rd tries for Home, SAFE, no throw by CF
Batting: RHB Kevin Camira 0-0: Ball
1-0: Called Strike
1-1: Ball
2-1: Ball
3-1: Base on Balls
Batting: RHB Jake Aggett 0-0: Ball
1-0: Foul Ball, location: 2F
1-1: Ball
2-1: Ball
3-1: Called Strike
3-2: Fly out, F6 (Popup, 6M, EV 61.9 MPH)
Batting: LHB Charlie Hodkinson 0-0: Called Strike
0-1: Fielders Choice at 2nd, 6-4 (Groundball, 6, EV 86.9 MPH)
Top of the 1st over - 1 run, 2 hits, 0 errors, 2 left on base; Collingwood 1 - Cronulla 0
BOTTOM OF THE 1ST
Cronulla Sharks batting - Pitching for Collingwood Magpies : RHP John Outhwaite
Pitching: RHP John Outhwaite
Batting: LHB Nick Jeffcoate 0-0: Ball
1-0: Called Strike
1-1: Foul Ball, location: 2F
1-2: Ball
2-2: Ball
3-2: Foul Ball, location: 3F
3-2: Strikes out swinging
Batting: RHB Sloan Windus 0-0: Foul Ball, location: 2LF
0-1: Swinging Strike
0-2: TRIPLE (Flyball, 9LD, EV 109.4 MPH)
Batting: LHB Bill Gower 0-0: Ball
1-0: Swinging Strike
1-1: Ball
2-1: Foul Ball, location: 9LMF
2-2: Fly out, F7 (Flyball, 7LS, EV 93.1 MPH)
Batting: RHB Asa Thatcher 0-0: Fly out, F7 (Flyball, 78S, EV 84.4 MPH)
Bottom of the 1st over - 0 runs, 1 hit, 0 errors, 1 left on base; Collingwood 1 - Cronulla 0
TOP OF THE 2ND
Collingwood Magpies batting - Pitching for Cronulla Sharks : LHP Young-chul Kong
Batting: RHB Don Bonfield 0-0: Called Strike
0-1: Ball
1-1: Foul Ball, location: 9LDF
1-2: Ground out 6-3 (Groundball, 6S, EV 88.1 MPH)
Batting: LHB John Mitford 0-0: Called Strike
0-1: Foul Ball, location: 23F
0-2: Foul Ball, location: 2F
0-2: Foul Ball, location: 7LDF
0-2: Strikes out looking
Batting: LHB John Outhwaite 0-0: Called Strike
0-1: Ball
1-1: Ball
2-1: Called Strike
2-2: Foul Ball, location: 9LMF
2-2: Ball
3-2: Base on Balls
Batting: RHB Sinbad Trounson 0-0: Called Strike
0-1: SINGLE (Groundball, 34D, EV 105.6 MPH)
John Outhwaite to second
Runner from 2nd tries for 3rd, SAFE, no throw by RF
Batting: RHB Bradly Acheson 0-0: Foul Ball, location: 7LSFF
0-1: Ball
1-1: Swinging Strike
1-2: Foul Ball, location: 2F
1-2: Foul Ball, location: 9LMF
1-2: Foul Ball, location: 9LMF
1-2: Ball
2-2: Fly out, F7 (Flyball, 78S, EV 77.5 MPH)
Top of the 2nd over - 0 runs, 1 hit, 0 errors, 2 left on base; Collingwood 1 - Cronulla 0
BOTTOM OF THE 2ND
Cronulla Sharks batting - Pitching for Collingwood Magpies : RHP John Outhwaite
Batting: RHB Mark Ryan 0-0: DOUBLE (Flyball, 8RXD, EV 105.0 MPH)
Batting: RHB Ollie Bullivant 0-0: Sac Bunt to 5S - play at first, batter OUT! 5-3
Mark Ryan to third
Batting: SHB Tony Alvarado 0-0: Called Strike
0-1: Ball
1-1: Ball
2-1: Ball
3-1: Ground out 4-3 (Groundball, 4, EV 87.5 MPH)
Mark Ryan scores
Batting: SHB Bruno Collick 0-0: Fly out, F8 (Line Drive, 8RM, EV 88.8 MPH)
Bottom of the 2nd over - 1 run, 1 hit, 0 errors, 0 left on base; Collingwood 1 - Cronulla 1
TOP OF THE 3RD
Collingwood Magpies batting - Pitching for Cronulla Sharks : LHP Young-chul Kong
Batting: SHB Colin Attoehow 0-0: Called Strike
0-1: Fly out, F7 (Flyball, 7D, EV 111.9 MPH)
Batting: RHB Kevin Camira 0-0: Ball
1-0: Ball
2-0: Reached on error, E4 (Groundball, 4, EV 103.1 MPH)
Batting: RHB Jake Aggett 0-0: Called Strike
0-1: Ball
1-1: Swinging Strike
1-2: Ball
2-2: Strikes out swinging
Batting: LHB Charlie Hodkinson 0-0: Foul Ball, location: 2F
0-1: Ball
1-1: Ball
Kevin Camira steals 2nd, throwing error, E2
Kevin Camira to third
2-1: Called Strike
2-2: Fly out, F8 (Flyball, 8LS, EV 88.1 MPH)
Top of the 3rd over - 0 runs, 0 hits, 2 errors, 1 left on base; Collingwood 1 - Cronulla 1
BOTTOM OF THE 3RD
Cronulla Sharks batting - Pitching for Collingwood Magpies : RHP John Outhwaite
Batting: LHB Young-chul Kong 0-0: Swinging Strike
0-1: Ball
1-1: Swinging Strike
1-2: Ball
2-2: Strikes out swinging
Batting: LHB Nick Jeffcoate 0-0: Ball
1-0: Ball
2-0: Fly out, F8 (Flyball, 8RD, EV 96.9 MPH)
Batting: RHB Sloan Windus 0-0: Called Strike
0-1: Fly out, F6 (Line Drive, 6M, EV 68.8 MPH)
Bottom of the 3rd over - 0 runs, 0 hits, 0 errors, 0 left on base; Collingwood 1 - Cronulla 1
TOP OF THE 4TH
Collingwood Magpies batting - Pitching for Cronulla Sharks : LHP Young-chul Kong
Batting: RHB Don Bonfield 0-0: Called Strike
0-1: Fly out, F8 (Line Drive, 8RS, EV 90.0 MPH)
Batting: LHB John Mitford 0-0: Ball
1-0: Called Strike
1-1: Ball
2-1: Ground out 4-3 (Groundball, 4MD, EV 96.3 MPH)
Batting: LHB John Outhwaite 0-0: Ball
1-0: Called Strike
1-1: Swinging Strike
1-2: Foul Ball, location: 5DF
1-2: Strikes out swinging
Top of the 4th over - 0 runs, 0 hits, 0 errors, 0 left on base; Collingwood 1 - Cronulla 1
BOTTOM OF THE 4TH
Cronulla Sharks batting - Pitching for Collingwood Magpies : RHP John Outhwaite
Batting: LHB Bill Gower 0-0: Swinging Strike
0-1: Fly out, F9 (Flyball, 9D, EV 106.9 MPH)
Batting: RHB Asa Thatcher 0-0: Foul Ball, location: 9LDF
0-1: Hit by Pitch
Batting: RHB Mark Ryan 0-0: Foul Ball, location: 7LSF
0-1: Ball
1-1: Fielders Choice at 2nd, 6-4 (Groundball, 6, EV 105.0 MPH)
Batting: RHB Ollie Bullivant 0-0: Called Strike
0-1: Ball
1-1: Foul Ball, location: 5FF
1-2: Strikes out swinging
Bottom of the 4th over - 0 runs, 0 hits, 0 errors, 1 left on base; Collingwood 1 - Cronulla 1
TOP OF THE 5TH
Collingwood Magpies batting - Pitching for Cronulla Sharks : LHP Young-chul Kong
Batting: RHB Sinbad Trounson 0-0: Ball
1-0: Called Strike
1-1: Ball
2-1: Ball
3-1: Base on Balls
Batting: RHB Bradly Acheson 0-0: Ball
1-0: Swinging Strike
1-1: Grounds into double play, 4-6-3 (Groundball, 4, EV 90.0 MPH)
Batting: SHB Colin Attoehow 0-0: Ball
1-0: Ground out 1-3 (Groundball, 34S, EV 68.8 MPH)
Top of the 5th over - 0 runs, 0 hits, 0 errors, 0 left on base; Collingwood 1 - Cronulla 1
BOTTOM OF THE 5TH
Cronulla Sharks batting - Pitching for Collingwood Magpies : RHP John Outhwaite
Batting: SHB Tony Alvarado 0-0: Called Strike
0-1: Ball
1-1: Ball
2-1: Foul Ball, location: 5SF
2-2: Ball
3-2: SINGLE (Line Drive, 7S, EV 85.6 MPH)
Batting: SHB Bruno Collick 0-0: Foul Ball, location: 2F
0-1: Fielders Choice at 2nd, 1-6 (Groundball, 13, EV 77.5 MPH)
Batting: LHB Young-chul Kong 0-0: Bunted foul
0-1: Bunted foul
0-2: Sac Bunt to P - play at first, batter OUT! 1-4
Bruno Collick to second
Batting: LHB Nick Jeffcoate 0-0: Ball
1-0: Foul Ball, location: 25F
1-1: Ball
2-1: Swinging Strike
2-2: Foul Ball, location: 23F
2-2: Ball
3-2: Base on Balls
Batting: RHB Sloan Windus 0-0: Foul Ball, location: 3SF
0-1: Foul Ball, location: 3SF
0-2: Ball
1-2: Ball
2-2: Strikes out swinging
Bottom of the 5th over - 0 runs, 1 hit, 0 errors, 2 left on base; Collingwood 1 - Cronulla 1
TOP OF THE 6TH
Collingwood Magpies batting - Pitching for Cronulla Sharks : LHP Young-chul Kong
Batting: RHB Kevin Camira 0-0: Swinging Strike
0-1: Ground out 6-3 (Groundball, 6, EV 100.0 MPH)
Batting: RHB Jake Aggett 0-0: Ball
1-0: Ball
2-0: Called Strike
2-1: Ball
3-1: Called Strike
3-2: Foul Ball, location: 7LMF
3-2: Base on Balls
Pitching: RHP Fletch McIlwain
Batting: LHB Charlie Hodkinson 0-0: Ball
1-0: Ball
2-0: Called Strike
2-1: Foul Ball, location: 2F
2-2: Foul Ball, location: 23F
2-2: Fly out, F9 (Flyball, 89S, EV 80.6 MPH)
Batting: RHB Don Bonfield 0-0: Foul Ball, location: 2F
0-1: Ground out 5-3 (Groundball, 56S, EV 90.0 MPH)
Top of the 6th over - 0 runs, 0 hits, 0 errors, 1 left on base; Collingwood 1 - Cronulla 1
BOTTOM OF THE 6TH
Cronulla Sharks batting - Pitching for Collingwood Magpies : RHP John Outhwaite
Batting: LHB Bill Gower 0-0: Ground out U3 (Groundball, 3, EV 102.5 MPH)
Batting: RHB Asa Thatcher 0-0: Ball
1-0: Swinging Strike
1-1: Called Strike
1-2: Ball
2-2: Foul Ball, location: 2F
2-2: Ball
3-2: Fly out, F7 (Flyball, 7LMF, EV 80.0 MPH)
Batting: RHB Mark Ryan 0-0: Ball
1-0: Ball
2-0: SINGLE (Line Drive, 78S, EV 89.4 MPH)
Batting: RHB Ollie Bullivant 0-0: Called Strike
0-1: TRIPLE (Line Drive, 89XD, EV 108.1 MPH)
Mark Ryan scores
Batting: SHB Tony Alvarado 0-0: Swinging Strike
0-1: Ball
1-1: Ground out 4-3 (Groundball, 34D, EV 105.6 MPH)
Bottom of the 6th over - 1 run, 2 hits, 0 errors, 1 left on base; Collingwood 1 - Cronulla 2
TOP OF THE 7TH
Collingwood Magpies batting - Pitching for Cronulla Sharks : RHP Fletch McIlwain
Batting: LHB John Mitford 0-0: Swinging Strike
0-1: Ball
1-1: Foul Ball, location: 2LF
1-2: Ball
2-2: Ground out U3 (Groundball, 34D, EV 105.6 MPH)
Pinch Hitting: RHB Kazumasa Koide 0-0: Called Strike
0-1: SOLO HOME RUN (Flyball, 89XD, EV 103.8 MPH), Distance : 411 ft
Batting: RHB Sinbad Trounson 0-0: Ball
1-0: Ball
2-0: Ball
3-0: Called Strike
3-1: Ground out 5-3 (Groundball, 5D, EV 97.5 MPH)
Batting: RHB Bradly Acheson 0-0: Ball
1-0: SINGLE (Groundball, 6MD, EV 100.6 MPH)
Batting: SHB Colin Attoehow 0-0: Ground out 1-3 (Groundball, 13, EV 71.3 MPH)
Top of the 7th over - 1 run, 2 hits, 0 errors, 1 left on base; Collingwood 2 - Cronulla 2
BOTTOM OF THE 7TH
Cronulla Sharks batting - Pitching for Collingwood Magpies : RHP John Outhwaite
Pitching: RHP Landon Hebron
Batting: SHB Bruno Collick 0-0: Swinging Strike
0-1: Fly out, F7 (Flyball, 7D, EV 103.1 MPH)
Pinch Hitting: RHB John Fay 0-0: Called Strike
0-1: Ball
1-1: Foul Ball, location: 5FF
1-2: Foul Ball, location: 2F
1-2: Ball
2-2: Fly out, F9 (Flyball, 9, EV 92.5 MPH)
Batting: LHB Nick Jeffcoate 0-0: Ball
1-0: Ground out 6-3 (Groundball, 6, EV 86.3 MPH)
Bottom of the 7th over - 0 runs, 0 hits, 0 errors, 0 left on base; Collingwood 2 - Cronulla 2
TOP OF THE 8TH
Collingwood Magpies batting - Pitching for Cronulla Sharks : RHP Fletch McIlwain
Pitching: RHP Bill Embleton
Batting: RHB Kevin Camira 0-0: Called Strike
0-1: Foul Ball, location: 2F
0-2: SINGLE (Groundball, 4M, EV 105.6 MPH) (infield hit)
Batting: RHB Jake Aggett 0-0: Ball
Kevin Camira steals 2nd base
1-0: Foul Ball, location: 3F
1-1: Called Strike
1-2: Ball
2-2: Fly out, F9 (Flyball, 9LM, EV 96.3 MPH)
Runner from 2nd tags up, SAFE at 3rd with throw by RF
Batting: LHB Charlie Hodkinson 0-0: Intentional Walk
Pinch Hitting: LHB Harry Overton 0-0: Called Strike
0-1: 3-RUN HOME RUN (Flyball, 9D, EV 98.1 MPH), Distance : 368 ft
Pitching: RHP Eric Jolly
Batting: LHB John Mitford 0-0: Ball
1-0: Swinging Strike
1-1: Foul Ball, location: 25FF
1-2: Fly out, F9 (Line Drive, 9LM, EV 97.5 MPH)
Pinch Hitting: RHB Jamie Heaman 0-0: Called Strike
0-1: Foul Ball, location: 2F
0-2: Foul Ball, location: 2F
0-2: Ball
1-2: Ball
2-2: Ground out 5-3 (Groundball, 5S, EV 82.5 MPH)
Top of the 8th over - 3 runs, 2 hits, 0 errors, 0 left on base; Collingwood 5 - Cronulla 2
BOTTOM OF THE 8TH
Cronulla Sharks batting - Pitching for Collingwood Magpies : RHP Landon Hebron
Pitching: RHP Ken Hart
Now at 1B: Matt Gissing
Now at SS: Jim McIntosh
Batting: RHB Sloan Windus 0-0: Ground out 6-3 (Groundball, P, EV 86.3 MPH)
Batting: LHB Bill Gower 0-0: Swinging Strike
0-1: Ball
1-1: Foul Ball, location: 25F
1-2: Foul Ball, location: 2RF
1-2: Foul Ball, location: 9LDF
1-2: Foul Ball, location: 7LSF
1-2: Strikes out swinging
Batting: RHB Asa Thatcher 0-0: Swinging Strike
0-1: Ball
1-1: Fly out, F9 (Flyball, 9, EV 95.6 MPH)
Bottom of the 8th over - 0 runs, 0 hits, 0 errors, 0 left on base; Collingwood 5 - Cronulla 2
TOP OF THE 9TH
Collingwood Magpies batting - Pitching for Cronulla Sharks : RHP Eric Jolly
Batting: RHB Sinbad Trounson 0-0: Ball
1-0: Ball
2-0: Fly out, F9 (Flyball, 9, EV 90.0 MPH)
Batting: RHB Bradly Acheson 0-0: Ball
1-0: Called Strike
1-1: Ball
2-1: Ball
3-1: Base on Balls
Batting: SHB Colin Attoehow 0-0: Called Strike
0-1: Ball
1-1: Foul Ball, location: 3F
1-2: Foul Ball, location: 2F
1-2: Fielders Choice at 2nd, 1-6 (Groundball, 34S, EV 71.3 MPH)
Batting: RHB Kevin Camira 0-0: Ball
1-0: Ground out U3 (Groundball, 3, EV 79.4 MPH)
Top of the 9th over - 0 runs, 0 hits, 0 errors, 1 left on base; Collingwood 5 - Cronulla 2
BOTTOM OF THE 9TH
Cronulla Sharks batting - Pitching for Collingwood Magpies : RHP Ken Hart
Pitching: RHP Steve Walters
Batting: RHB Mark Ryan 0-0: Ground out 6-3 (Groundball, 6, EV 103.1 MPH)
Batting: RHB Ollie Bullivant 0-0: Called Strike
0-1: SINGLE (Groundball, 6MD, EV 95.6 MPH)
Batting: SHB Tony Alvarado 0-0: SINGLE (Groundball, 3D, EV 108.8 MPH)
Ollie Bullivant to second
Batting: SHB Bruno Collick 0-0: SINGLE (Groundball, 34D, EV 108.8 MPH)
Ollie Bullivant to third
Tony Alvarado to second
Pinch Hitting: RHB John Elkington 0-0: Ball
1-0: Fly out, F3 (Popup, 3SF, EV 75.6 MPH)
Batting: LHB Nick Jeffcoate 0-0: Ball
1-0: Foul Ball, location: 2F
1-1: Called Strike
1-2: SINGLE (Line Drive, 78S, EV 87.5 MPH)
Ollie Bullivant scores
Tony Alvarado to third
Bruno Collick to second
Batting: RHB Sloan Windus 0-0: Foul Ball, location: 3F
0-1: Ball
1-1: Called Strike
1-2: Ball
2-2: Ball
3-2: Ground out 6-3 (Groundball, 6, EV 103.8 MPH)
Bottom of the 9th over - 1 run, 4 hits, 0 errors, 3 left on base; Collingwood 5 - Cronulla 3
Sunday, May 5th , 2024 - OOTP Baseball 24.9 Build 80